 Dungeon Crawl Stone Soup version 0.23.0 (webtiles) character file.

Game seed: 10871633868093863626

6241 Enish the Cleaver (level 10, 0/132 HPs)
             Began as a Minotaur Berserker on Feb 17, 2019.
             Was an Elder of Trog.
             Slain by a death yak (4 damage)
             ... on level 10 of the Dungeon.
             The game lasted 00:06:42 (9121 turns).

Enish the Cleaver (Minotaur Berserker)              Turns: 9121, Time: 00:06:42

Health: 0/132      AC: 25    Str: 25    XL:     10   Next: 62%
Magic:  9/9        EV:  2    Int:  6    God:    Trog [****..]
Gold:   491        SH: 12    Dex: 10    Spells: 9/9 levels left

rFire    . . .     SeeInvis .   i - +1 hand axe (flame)
rCold    + . .     Gourm    .   o - +0 shield
rNeg     + + +     Faith    .   (armour currently unavailable)
rPois    +         Spirit   .   (helmet currently unavailable)
rElec    .         Reflect  .   (cloak currently unavailable)
rCorr    .         Harm     .   (gloves currently unavailable)
MR       .....     NoTele   +   (boots currently unavailable)
Stlth    +.........             u - amulet of rage
HPRegen  0.32/turn              c - ring of protection from cold
MPRegen  0.11/turn              (no ring)

@: lethally poisoned (0 -> 0), tree-form, berserk cooldown, slowed, very slow
A: (retaliatory headbutt), clever 1
a: Berserk, Trog's Hand, Brothers in Arms, Renounce Religion, Evoke Berserk Rage


You were on level 10 of the Dungeon.
You worshipped Trog.
Trog was greatly pleased with you.
You were near starving.
You were a tree.
You visited 1 branch of the dungeon, and saw 10 of its levels.

You collected 491 gold pieces.

Inventory:

Hand Weapons
 a - a +1 hand axe
 i - a +1 hand axe of flaming (weapon)
   (You took it off an orc on level 6 of the Dungeon)
Armour
 b - a +0 animal skin
 g - a +0 ring mail of poison resistance (melded)
   (You found it on level 1 of the Dungeon)
 h - a +0 cloak (melded)
   (You took it off Maurice on level 8 of the Dungeon)
 j - a +1 pair of gloves (melded)
   (You found it on level 1 of the Dungeon)
 o - a +0 shield (worn)
   (You found it on level 2 of the Dungeon)
Jewellery
 c - a ring of protection from cold (left branch)
   (You found it on level 1 of the Dungeon)
 u - an amulet of rage (around neck)
   (You found it on level 3 of the Dungeon)
Wands
 d - a wand of paralysis (9)
   (You took it off Maurice on level 8 of the Dungeon)
Scrolls
 r - 5 scrolls of identify
 t - 3 scrolls of teleportation
 w - 5 scrolls of remove curse
 z - 2 scrolls of blinking
Potions
 f - 3 potions of flight
 l - 2 potions of brilliance
 n - a potion of mutation
 q - 2 potions of curing
Comestibles
 e - 20 rations


   Skills:
 + Level 8.3 Fighting
 * Level 10.8 Axes
 + Level 7.9 Armour
 + Level 7.1 Dodging
 * Level 10.0 Shields


You had 9 spell levels left.
You didn't know any spells.
Your spell library was empty.

Dungeon Overview and Level Annotations

Branches:
Dungeon (10/15)            Temple (0/1) D:4
   Lair: D:8-11         Orc: D:9-12

Altars:
Ashenzari
Dithmenos
Gozag
Nemelex Xobeh
Okawaru
Ru
Sif Muna
Trog
Uskayaw
Vehumet
Xom

Shops:
D:6 }


Innate Abilities, Weirdness & Mutations

((You reflexively headbutt those who attack you in melee.))
((You have a pair of horns on your head.))
((You are partially covered in iridescent scales. (AC +2)))
Your mind is acute. (Int +2)


Message History

You hit the death yak but do no damage. The death yak gores you.
* * * LOW HITPOINT WARNING * * *
The death yak gores you but does no damage. x3
You hit the death yak but do no damage. You closely miss the death yak.
You hit the death yak but do no damage. You barely miss the death yak.
You feel less invigorated.
You feel less confused. The death yak gores you.
* * * LOW HITPOINT WARNING * * *
The death yak gores you!
* * * LOW HITPOINT WARNING * * *
The death yak gores you but does no damage. x2
You hit the death yak but do no damage.
The death yak is lightly wounded.
You barely miss the death yak. x3; You feel sick.
The death yak gores you.
* * * LOW HITPOINT WARNING * * *
The death yak gores you.
* * * LOW HITPOINT WARNING * * *
You block the death yak's attack. The death yak gores you.
You die...

........# ........#
........# ........#
........# ........#
........#
......Y♣##########
......YYYY....?..#
.......FsY........#
.....$....#...$....#
.........###........#
#.......## ##........
##..).... .........
##...... .........
##.... .........


You could see 6 death yaks, a bullfrog and a scorpion.

Vanquished Creatures
  Maurice (D:8)
  Prince Ribbit (D:6)
  2 hornets
  2 trolls (D:9)
  A hippogriff (D:7)
  8 yaks (D:9)
  2 hungry ghosts
  A water moccasin (D:9)
  A sky beast (D:7)
  An ice beast (D:7)
  3 black bears
  2 phantoms
  3 ogres
  2 centaurs
  A big kobold (D:3)
  A gnoll sergeant (D:7)
  7 bullfrogs
  2 scorpions (D:8)
  9 killer bees
  4 howler monkeys
  4 crimson imps
  2 hounds
  7 orc wizards
  4 orc priests
  3 jellies
  2 iguanas
  2 worker ants (D:7)
  A howler monkey zombie (D:9)
  10 adders
  8 gnolls
  An ooze (D:5)
  2 adder skeletons (D:7)
  An adder zombie (D:9)
  A dart slug (D:5)
  3 leopard geckos
  18 orcs
  4 giant cockroaches
  3 goblins
  2 hobgoblins
  10 jackals
  4 quokkas
  A ball python (D:2)
  5 bats
  5 frilled lizards
  16 kobolds
  A leopard gecko skeleton (D:7)
  7 rats
181 creatures vanquished.

Notes
Turn   | Place    | Note
-------+----------+-------------------------------------------
     0 | D:1      | Enish the Minotaur Berserker began the quest for the Orb.
     0 | D:1      | Reached XP level 1. HP: 19/19 MP: 0/0
   299 | D:1      | Reached XP level 2. HP: 27/27 MP: 1/1
   864 | D:2      | Reached XP level 3. HP: 33/33 MP: 2/2
   971 | D:2      | Reached ** piety under Trog
   986 | D:2      | Found a hide-covered altar of Uskayaw.
  1485 | D:2      | Found a shimmering altar of Xom.
  1909 | D:3      | Noticed a big kobold
  1912 | D:3      | Reached XP level 4. HP: 40/40 MP: 3/3
  1918 | D:3      | Killed a big kobold
  1918 | D:3      | Reached skill level 1 in Shields
  1991 | D:3      | Found a radiant altar of Vehumet.
  2063 | D:3      | Found a sparkling altar of Nemelex Xobeh.
  2180 | D:3      | Reached XP level 5. HP: 47/47 MP: 4/4
  2394 | D:3      | Reached skill level 5 in Axes
  2507 | D:3      | Gained mutation: Your mind is acute. (Int +2) [potion of
                  | mutation]
  2507 | D:3      | Gained mutation: You are partially covered in iridescent
                  | scales. (AC +2) [potion of mutation]
  2591 | D:4      | Found a sacrificial altar of Ru.
  2669 | D:4      | Noticed a phantom
  2677 | D:4      | Reached XP level 6. HP: 53/53 MP: 5/5
  3100 | D:4      | Found a staircase to the Ecumenical Temple.
  3193 | D:4      | Found an iron altar of Okawaru.
  3381 | D:5      | Entered Level 5 of the Dungeon
  3404 | D:5      | Found a deep blue altar of Sif Muna.
  3483 | D:5      | Reached skill level 5 in Fighting
  3565 | D:5      | Reached XP level 7. HP: 57/61 MP: 6/6
  3662 | D:6      | Noticed Prince Ribbit
  3759 | D:6      | HP: 1/61 [Prince Ribbit (10)]
  4437 | D:6      | Reached *** piety under Trog
  4437 | D:6      | Reached skill level 5 in Shields
  4904 | D:6      | Killed Prince Ribbit
  4904 | D:6      | Reached skill level 5 in Armour
  4904 | D:6      | Reached XP level 8. HP: 48/70 MP: 7/7
  5015 | D:6      | Found Xas Hiku's Gadget Shop.
  5089 | D:7      | Found a shadowy altar of Dithmenos.
  5251 | D:7      | Reached skill level 5 in Dodging
  5444 | D:7      | Noticed a hippogriff
  5456 | D:7      | Killed a hippogriff
  5456 | D:7      | Reached **** piety under Trog
  5456 | D:7      | Reached XP level 9. HP: 45/78 MP: 8/8
  6449 | D:8      | Noticed Maurice
  6461 | D:8      | Paralysed by something for 2 turns
  6468 | D:8      | Killed Maurice
  6648 | D:8      | Found a shattered altar of Ashenzari.
  6664 | D:8      | Found a bloodstained altar of Trog.
  6757 | D:8      | Found an opulent altar of Gozag.
  7397 | D:9      | Noticed a troll
  7412 | D:9      | Killed a troll
  7697 | D:9      | Reached XP level 10. HP: 71/86 MP: 9/9
  8124 | D:9      | Reached skill level 10 in Axes
  9090 | D:10     | Entered Level 10 of the Dungeon
  9092 | D:10     | Identified a scroll of acquirement
  9097 | D:10     | Reached skill level 10 in Shields
  9101 | D:10     | Noticed a death yak
  9101 | D:10     | Noticed a death yak
  9102 | D:10     | Noticed a death yak
  9102 | D:10     | Noticed a death yak
  9112 | D:10     | Noticed a death yak
  9112 | D:10     | Noticed a death yak
  9121 | D:10     | HP: 4/132 [death yak (6)]
  9121 | D:10     | Slain by a death yak

Skill      XL: |  1  2  3  4  5  6  7  8  9 10 |
---------------+-------------------------------+-----
Axes           | 4 5 7 8 9 10 | 10.8
Armour         | 3 4 5 6 7 |  7.9
Fighting       | 4 5 6 7 8 |  8.3
Dodging        | 3 4 5 6 7 |  7.1
Shields        | 1 3 4 5 7 8 10 | 10.0

Action                   |  1- 3 |  4- 6 |  7- 9 | 10-12 || total
-------------------------+-------+-------+-------+-------++-------
Melee: Hand axe          |    96 |    93 |   285 |   126 ||   600
       Headbutt          |     9 |    16 |    45 |    24 ||    94
Invok: Berserk           |       |     2 |     7 |     4 ||    13
       Trog's Hand       |       |     1 |     1 |       ||     2
       Brothers in Arms  |       |       |       |     1 ||     1
  Use: Scroll            |       |     7 |     3 |     2 ||    12
       Potion            |       |     4 |     4 |     3 ||    11
  Eat: Chunk             |     1 |     5 |    15 |     8 ||    29
       Ration            |     1 |     1 |     2 |       ||     4
Armor: Ring mail         |    34 |    23 |    94 |    30 ||   181
       Skin              |       |       |       |    13 ||    13
Dodge: Dodged            |    59 |    43 |   107 |    36 ||   245
Block: Shield            |    15 |    44 |   178 |    61 ||   298
